 Dungeon Crawl Stone Soup version 0.31-a0-152-g6aa68a64a1 (webtiles) character file.

Game seed: 13775678904631467893

35 Elmgren the Shooter (level 3, -2/22 HPs)
             Began as a Gargoyle Hunter on June 10, 2023.
             Slain by a gnoll
             ... wielding a +0 flail
              (7 damage)
             ... on level 1 of the Dungeon.
             The game lasted 00:03:52 (1447 turns).

Elmgren the Shooter (Gargoyle Hunter)               Turns: 1447, Time: 00:03:53

Health: -2/22      AC:  6    Str: 14    XL:     3   Next: 35%
Magic:  3/3        EV: 12    Int:  9    God:
Gold:   108        SH:  0    Dex: 15    Spells: 2/2 levels left

rFire   . . .        a - +0 shortbow
rCold   . . .        (shield currently unavailable)
rNeg    + . .        c - +0 leather armour
rPois   ∞            (no helmet)
rElec   +            (no cloak)
rCorr   .            (no gloves)
SInv    .            (no boots)
Will    .....        (no amulet)
Stlth   ++           (no ring)
HPRegen 0.23/turn    (no ring)
MPRegen 0.08/turn

%: no passive effects
@: no status effects
A: sickness immunity, AC +3, negative energy resistance 1, electricity
resistance, torment resistance 1, petrification resistance
a: no special abilities


You were on level 1 of the Dungeon.
You visited 1 branch of the dungeon, and saw 2 of its levels.

You collected 108 gold pieces.

Inventory:

Hand Weapons
 a - a +0 shortbow (weapon)
Armour
 c - a +0 leather armour (worn)
Scrolls
 b - a scroll of butterflies
Potions
 d - a potion of attraction {unknown}
 h - a potion of magic {unknown}
 i - a potion of mutation {unknown}
 j - a potion of enlightenment {unknown}
 l - 2 potions of haste
 m - a potion of lignification {unknown}


   Skills:
 - Level 2.6 Fighting
 + Level 4.4 Ranged Weapons
 - Level 1.9 Dodging
 - Level 1.9 Stealth


You had 2 spell levels left.
You didn't know any spells.
Your spell library contained the following spells:

 Spells                   Type           Power      Damage    Failure   Level
 Freeze                   Ice            0%         1d3       45%         1
 Frozen Ramparts          Ice            0%         1d1       83%         3
 Hailstorm                Conj/Ice       0%         3d3       83%         3


Dungeon Overview and Level Annotations

Branches:
Dungeon (2/15)

Altars:


Innate Abilities, Weirdness & Mutations

You are immune to sickness and miasma.
Your stone body is resilient. (AC +3)
You are immune to poison.
You resist negative energy. (rN+)
You are resistant to electric shocks. (rElec)
You are resistant to unholy torment.
You are immune to petrification.


Message History

You kill the adder!
You see here an adder corpse.
There is a stone staircase leading down here.
You start resting.
HP restored.
You climb downwards.
The gnoll closely misses you. The ball python misses you.
The ball python grabs you. The ball python constricts you.
The gnoll hits you with a +0 flail. The ball python completely misses you.
The ball python constricts you.
There is a stone staircase leading up here.
You escape the ball python's grasp.
The gnoll closely misses you. The gnoll hits you but does no damage.
You climb upwards.
There is a stone staircase leading down here.
You shoot an arrow. The arrow barely misses the gnoll.
The ball python closely misses you. The ball python barely misses you.
The gnoll hits you with a +0 flail! The gnoll barely misses you.
The ball python bites you but does no damage.
The ball python barely misses you.
You shoot an arrow. The arrow hits the gnoll!
The gnoll is heavily wounded.
The ball python barely misses you. The ball python closely misses you.
The gnoll barely misses you. The gnoll hits you with a +0 flail.
* * * LOW HITPOINT WARNING * * *
You shoot an arrow. The arrow completely misses the gnoll.
The ball python closely misses you. x2; The gnoll hits you but does no damage.
The gnoll barely misses you.
The ball python bites you but does no damage.
The ball python misses you.
You shoot an arrow. The arrow hits the gnoll.
The gnoll is almost dead.
The gnoll barely misses you. The gnoll closely misses you.
The ball python bites you but does no damage.
The ball python barely misses you.
You shoot an arrow. The arrow hits the gnoll.
You kill the gnoll!
The gnoll misses you. The ball python bites you.
* * * LOW HITPOINT WARNING * * *
The ball python barely misses you. The gnoll hits you with a +0 flail!
You die...

.......###..#..#.###.##.#####
.......#..#.#..#........#
.......#..#.#..######.###
..###..#..#.#.........).# .##
##.#..#.....#####.#.# .#
#.#..###.#.#####.#.# .##
##.#...........##.#.#
..###..##.###..g)#.##.#.#
.......#.......S@#.##.#.#
##################.##.#.#
...................##.#.#
#####################.#.##
......................#..#
.###################..#..#
.###.............# #..#..#
......##########.# #..##.#
.###..# #......#.#
#..##.#######


You could see a gnoll and a ball python.

Vanquished Creatures
  A gnoll (D:1)
  An adder (D:1)
  2 dart slugs (D:1)
  2 endoplasms (D:1)
  3 giant cockroaches (D:1)
  A goblin (D:1)
  A hobgoblin (D:1)
  5 kobolds (D:1)
  A quokka (D:1)
  2 frilled lizards (D:1)
  4 rats (D:1)
23 creatures vanquished.

Notes
Turn   | Place    | Note
-------+----------+-------------------------------------------
     0 | D:1      | Elmgren the Gargoyle Hunter began the quest for the Orb.
     0 | D:1      | Reached XP level 1. HP: 12/12 MP: 1/1
   166 | D:1      | Reached XP level 2. HP: 18/18 MP: 2/2
   398 | D:1      | Found a faded altar of an unknown god.
   687 | D:1      | Reached XP level 3. HP: 22/22 MP: 3/3
  1447 | D:1      | Slain by a gnoll

Illustrated notes

Levels and vault maps discovered:
D:1:      minmay_arrival_four_circles, layout_basic,
          dreamdust_ecumenical_altar_angels_and_demons,
          hangedman_abyss_or_decor_stabs
D:2:      layout_loops_ring

Action                     || total
---------------------------++-------
   Fire: Shortbow          ||    74
    Use: Scroll            ||     4
 Armour: Leather armour    ||    14
  Dodge: Dodged            ||    34

Table legend: (Time is in decaauts)
 A = Elapsed time spent in this place.
 B = Non-inter-level travel time spent in this place.
 C = Inter-level travel time spent in this place.
 D = Time resting spent in this place.
 E = Time spent auto-exploring this place.
 F = Levels seen in this place.
 G = Mean time per level.
                   A        B        C        D        E       F      G
               +--------+--------+--------+--------+--------+-----+--------+
         Total |   1466 |   1375 |     91 |    265 |    883 |   2 |  733.0 |
       Dungeon |   1466 |   1375 |     91 |    265 |    883 |   2 |  733.0 |
               +--------+--------+--------+--------+--------+-----+--------+

Top non-repeatable levels by time:
     D:1: 1459 daAuts
     D:2: 6 daAuts
